| TOP OF THE 1ST |
|
St. Louis Cardinals batting - Pitching for Los Angeles Dodgers : LHP Alastair Tippett
|
|
Pitching: LHP Alastair Tippett
|
|
|
Batting: RHB Rick O'Reilly
|
0-0: Ball 1-0: Foul Ball, location: 2F 1-1: Ball 2-1: Ground out 3-1 (Groundball, 34, EV 104.4 MPH)
|
|
Batting: RHB Francisco Hernandez
|
0-0: Ball 1-0: Ball 2-0: Called Strike 2-1: Ball 3-1: Base on Balls
|
|
Batting: SHB Antoine Roux
|
0-0: Called Strike 0-1: Grounds into double play, 6-4-3 (Groundball, 6, EV 90.0 MPH)
|
| Top of the 1st over - 0 runs, 0 hits, 0 errors, 0 left on base; St. Louis 0 - Los Angeles 0 |
| BOTTOM OF THE 1ST |
|
Los Angeles Dodgers batting - Pitching for St. Louis Cardinals : LHP Nick Martin
|
|
Pitching: LHP Nick Martin
|
|
|
Batting: SHB Joel Baker
|
0-0: Called Strike 0-1: Ball 1-1: Ball 2-1: Foul Ball, location: 2F 2-2: Foul Ball, location: 2F 2-2: Ball 3-2: Foul Ball, location: 2F 3-2: Base on Balls
|
|
Batting: LHB Chris Ringwood
|
0-0: Ball 1-0: Called Strike 1-1: Ball 2-1: Foul Ball, location: 2F 2-2: Ball 3-2: SINGLE (Flyball, 5D, EV 80.0 MPH) Joel Baker to second
|
|
Batting: LHB Bob Branham
|
0-0: Called Strike 0-1: Called Strike 0-2: DOUBLE (Line Drive, 7LM, EV 103.1 MPH) Joel Baker scores Chris Ringwood to third
|
|
Batting: LHB Lirak Bazhunaishvili
|
0-0: Ball 1-0: Ball 2-0: Ball 3-0: Base on Balls
|
|
Batting: RHB Clay Buchanan
|
0-0: Foul Ball, location: 2F 0-1: Ball 1-1: Ball 2-1: Swinging Strike 2-2: Foul Ball, location: 2F 2-2: Ball 3-2: Strikes out swinging
|
|
Batting: RHB Jorge Severiano
|
0-0: Called Strike 0-1: Foul Ball, location: 2F 0-2: Strikes out swinging
|
|
Batting: LHB Ryan Taylor
|
0-0: Ball 1-0: Foul Ball, location: 2F 1-1: Fly out, F6 (Line Drive, 6, EV 77.5 MPH)
|
| Bottom of the 1st over - 1 run, 2 hits, 0 errors, 3 left on base; St. Louis 0 - Los Angeles 1 |
| TOP OF THE 2ND |
|
St. Louis Cardinals batting - Pitching for Los Angeles Dodgers : LHP Alastair Tippett
|
|
Batting: RHB Pavpv Ivanushkin
|
0-0: Ground out 6-3 (Groundball, 6, EV 80.0 MPH)
|
|
Batting: RHB Tenshou Takita
|
0-0: Foul Ball, location: 2F 0-1: Ball 1-1: Ball 2-1: Foul Ball, location: 2F 2-2: Ball 3-2: Ground out 6-3 (Groundball, 6S, EV 70.6 MPH)
|
|
Batting: RHB Branden Cavalcante
|
0-0: Called Strike 0-1: Called Strike 0-2: Foul Ball, location: 2F 0-2: Foul Ball, location: 2F 0-2: Foul Ball, location: 2F 0-2: Ball 1-2: Ball 2-2: Ball 3-2: Foul Ball, location: 2F 3-2: Base on Balls
|
|
Batting: LHB John Blair
|
0-0: Ball 1-0: Ball Branden Cavalcante is caught stealing 2nd base 2-6
|
| Top of the 2nd over - 0 runs, 0 hits, 0 errors, 0 left on base; St. Louis 0 - Los Angeles 1 |
| BOTTOM OF THE 2ND |
|
Los Angeles Dodgers batting - Pitching for St. Louis Cardinals : LHP Nick Martin
|
|
Batting: RHB Tsutomu Irie
|
0-0: Ball 1-0: Called Strike 1-1: Foul Ball, location: 2F 1-2: Foul Ball, location: 2F 1-2: Foul Ball, location: 2F 1-2: Strikes out swinging
|
|
Batting: RHB Ben Mischnick
|
0-0: Called Strike 0-1: Ball 1-1: Ball 2-1: Ball 3-1: Called Strike 3-2: Foul Ball, location: 2F 3-2: Base on Balls
|
|
Batting: SHB Joel Baker
|
0-0: Called Strike 0-1: Ball 1-1: Ball 2-1: Fly out, F8 (Line Drive, 8LM, EV 101.9 MPH)
|
|
Batting: LHB Chris Ringwood
|
0-0: Ball 1-0: Swinging Strike 1-1: Ball 2-1: Foul Ball, location: 2F 2-2: Foul Ball, location: 2F 2-2: Strikes out swinging
|
| Bottom of the 2nd over - 0 runs, 0 hits, 0 errors, 1 left on base; St. Louis 0 - Los Angeles 1 |
| TOP OF THE 3RD |
|
St. Louis Cardinals batting - Pitching for Los Angeles Dodgers : LHP Alastair Tippett
|
|
Batting: LHB John Blair
|
0-0: Ball 1-0: Swinging Strike 1-1: Foul Ball, location: 2F 1-2: Ball 2-2: Strikes out swinging
|
|
Batting: RHB Sergio Godinez
|
0-0: Called Strike 0-1: Called Strike 0-2: SINGLE (Line Drive, 8RS, EV 95.0 MPH)
|
|
Batting: RHB Dustin Clark
|
0-0: Foul Ball, location: 2F 0-1: Ball 1-1: Ball 2-1: 2-RUN HOME RUN (Flyball, 7D, EV 95.0 MPH), Distance : 374 ft
|
|
Batting: RHB Rick O'Reilly
|
0-0: Ball 1-0: Ball 2-0: Foul Ball, location: 2F 2-1: Foul Ball, location: 2F 2-2: Fly out, F6 (Popup, 15S, EV 86.3 MPH)
|
|
Batting: RHB Francisco Hernandez
|
0-0: Foul Ball, location: 2F 0-1: Ball 1-1: Ball 2-1: Called Strike 2-2: Ball 3-2: Ground out 5-3 (Groundball, 56S, EV 75.0 MPH)
|
| Top of the 3rd over - 2 runs, 2 hits, 0 errors, 0 left on base; St. Louis 2 - Los Angeles 1 |
| BOTTOM OF THE 3RD |
|
Los Angeles Dodgers batting - Pitching for St. Louis Cardinals : LHP Nick Martin
|
|
Batting: LHB Bob Branham
|
0-0: Ball 1-0: Ball 2-0: Fly out, F9 (Line Drive, 9, EV 90.6 MPH)
|
|
Batting: LHB Lirak Bazhunaishvili
|
0-0: Ball 1-0: Called Strike 1-1: Ball 2-1: Swinging Strike 2-2: Foul Ball, location: 2F 2-2: Foul Ball, location: 2F 2-2: Ball 3-2: Strikes out swinging
|
|
Batting: RHB Clay Buchanan
|
0-0: Ball 1-0: Foul Ball, location: 2F 1-1: Called Strike 1-2: Strikes out swinging
|
| Bottom of the 3rd over - 0 runs, 0 hits, 0 errors, 0 left on base; St. Louis 2 - Los Angeles 1 |
| TOP OF THE 4TH |
|
St. Louis Cardinals batting - Pitching for Los Angeles Dodgers : LHP Alastair Tippett
|
|
Batting: SHB Antoine Roux
|
0-0: Called Strike 0-1: Ball 1-1: Ball 2-1: Swinging Strike 2-2: Ball 3-2: Base on Balls
|
|
Batting: RHB Pavpv Ivanushkin
|
0-0: Ball 1-0: Called Strike 1-1: Swinging Strike 1-2: Foul Ball, location: 2F 1-2: Ball 2-2: Strikes out swinging
|
|
Batting: RHB Tenshou Takita
|
0-0: Ball 1-0: Ball 2-0: Foul Ball, location: 2F 2-1: Foul Ball, location: 2F 2-2: Ball 3-2: Foul Ball, location: 2F 3-2: Fly out, F8 (Flyball, 8LM, EV 83.1 MPH)
|
|
Batting: RHB Branden Cavalcante
|
0-0: Called Strike 0-1: Called Strike 0-2: Strikes out looking
|
| Top of the 4th over - 0 runs, 0 hits, 0 errors, 1 left on base; St. Louis 2 - Los Angeles 1 |
| BOTTOM OF THE 4TH |
|
Los Angeles Dodgers batting - Pitching for St. Louis Cardinals : LHP Nick Martin
|
|
Batting: RHB Jorge Severiano
|
0-0: DOUBLE (Line Drive, 3D, EV 97.5 MPH)
|
|
Batting: LHB Ryan Taylor
|
0-0: Ball 1-0: Ball 2-0: Sac Bunt to P - play at first, batter OUT! 1-4 Jorge Severiano to third
|
|
Batting: RHB Tsutomu Irie
|
0-0: Called Strike 0-1: Swinging Strike 0-2: Strikes out swinging
|
|
Batting: RHB Ben Mischnick
|
0-0: Ball 1-0: Ball 2-0: Called Strike 2-1: Ball 3-1: Fly out, F9 (Flyball, 9LS, EV 90.6 MPH)
|
| Bottom of the 4th over - 0 runs, 1 hit, 0 errors, 1 left on base; St. Louis 2 - Los Angeles 1 |
| TOP OF THE 5TH |
|
St. Louis Cardinals batting - Pitching for Los Angeles Dodgers : LHP Alastair Tippett
|
|
Batting: LHB John Blair
|
0-0: Called Strike 0-1: Swinging Strike 0-2: Ball 1-2: Foul Ball, location: 2F 1-2: Ball 2-2: Foul Ball, location: 2F 2-2: Foul Ball, location: 2F 2-2: Foul Ball, location: 2F 2-2: Fly out, F3 (Popup, 23F, EV 74.4 MPH)
|
|
Batting: RHB Sergio Godinez
|
0-0: Called Strike 0-1: Fly out, F7 (Flyball, 7, EV 84.4 MPH)
|
|
Batting: RHB Dustin Clark
|
0-0: Foul Ball, location: 2F 0-1: Foul Ball, location: 2F 0-2: Ball 1-2: Reached on error, E3 (Groundball, 3, EV 89.4 MPH)
|
|
Batting: RHB Rick O'Reilly
|
0-0: Called Strike 0-1: DOUBLE (Groundball, 3L, EV 103.1 MPH) Dustin Clark to third
|
|
Batting: RHB Francisco Hernandez
|
0-0: Ball 1-0: Ball 2-0: Called Strike 2-1: Swinging Strike 2-2: Foul Ball, location: 2F 2-2: SINGLE (Groundball, 6M, EV 83.8 MPH) (infield hit) Dustin Clark scores Rick O'Reilly to third
|
|
Batting: SHB Antoine Roux
|
0-0: Fielders Choice at 2nd, 6-4 (Groundball, 6, EV 91.3 MPH)
|
| Top of the 5th over - 1 run, 2 hits, 1 error, 2 left on base; St. Louis 3 - Los Angeles 1 |
| BOTTOM OF THE 5TH |
|
Los Angeles Dodgers batting - Pitching for St. Louis Cardinals : LHP Nick Martin
|
|
Batting: SHB Joel Baker
|
0-0: Ball 1-0: Ball 2-0: Ball 3-0: Base on Balls
|
|
Batting: LHB Chris Ringwood
|
0-0: Ball 1-0: Called Strike 1-1: Ball 2-1: Called Strike 2-2: Ball 3-2: Foul Ball, location: 2F 3-2: SINGLE (Line Drive, 7S, EV 91.9 MPH) Joel Baker to second
|
|
Pitching: RHP Doug Nickey
|
|
|
Batting: LHB Bob Branham
|
0-0: Ball 1-0: DOUBLE (Line Drive, 8RD, EV 93.8 MPH) Joel Baker scores Chris Ringwood to third
|
|
Batting: LHB Lirak Bazhunaishvili
|
0-0: Ball 1-0: Foul Ball, location: 2F 1-1: Ball 2-1: Swinging Strike 2-2: Strikes out swinging
|
|
Batting: RHB Clay Buchanan
|
0-0: Ball 1-0: Called Strike 1-1: Swinging Strike 1-2: Foul Ball, location: 2F 1-2: Strikes out swinging
|
|
Batting: RHB Jorge Severiano
|
0-0: Ball 1-0: Ball 2-0: Ball 3-0: Called Strike 3-1: Base on Balls
|
|
Batting: LHB Ryan Taylor
|
0-0: Called Strike 0-1: Fielders Choice at 2nd, U4 (Groundball, 4M, EV 84.4 MPH)
|
| Bottom of the 5th over - 1 run, 2 hits, 0 errors, 3 left on base; St. Louis 3 - Los Angeles 2 |
| TOP OF THE 6TH |
|
St. Louis Cardinals batting - Pitching for Los Angeles Dodgers : LHP Alastair Tippett
|
|
Pitching: LHP Lance Crumpton
|
|
|
Batting: RHB Pavpv Ivanushkin
|
0-0: Ball 1-0: Ball 2-0: Called Strike 2-1: Ball 3-1: Called Strike 3-2: SINGLE (Flyball, 8LS, EV 97.5 MPH)
|
|
Batting: RHB Tenshou Takita
|
0-0: Ball 1-0: Ball 2-0: Called Strike 2-1: 2-RUN HOME RUN (Line Drive, 78XD, EV 105.0 MPH), Distance : 409 ft
|
|
Batting: RHB Branden Cavalcante
|
0-0: Ball 1-0: Fly out, F8 (Flyball, 8RXD, EV 83.1 MPH)
|
|
Batting: LHB John Blair
|
0-0: Swinging Strike 0-1: Foul Ball, location: 2F 0-2: Strikes out looking
|
|
Batting: RHB Sergio Godinez
|
0-0: Ball 1-0: SINGLE (Groundball, 6D, EV 103.8 MPH)
|
|
Batting: RHB Dustin Clark
|
0-0: Ball 1-0: Called Strike 1-1: Fly out, F8 (Line Drive, 8RD, EV 90.6 MPH)
|
| Top of the 6th over - 2 runs, 3 hits, 0 errors, 1 left on base; St. Louis 5 - Los Angeles 2 |
| BOTTOM OF THE 6TH |
|
Los Angeles Dodgers batting - Pitching for St. Louis Cardinals : RHP Doug Nickey
|
|
Batting: RHB Tsutomu Irie
|
0-0: Called Strike 0-1: Called Strike 0-2: Ball 1-2: SINGLE (Line Drive, 34D, EV 109.4 MPH)
|
|
Batting: RHB Ben Mischnick
|
0-0: Ball 1-0: Grounds into double play, 4-6-3 (Groundball, 34, EV 105.6 MPH)
|
|
Batting: SHB Joel Baker
|
0-0: Fly out, F8 (Flyball, 8LD, EV 106.9 MPH)
|
| Bottom of the 6th over - 0 runs, 1 hit, 0 errors, 0 left on base; St. Louis 5 - Los Angeles 2 |
| TOP OF THE 7TH |
|
St. Louis Cardinals batting - Pitching for Los Angeles Dodgers : LHP Lance Crumpton
|
|
Batting: RHB Rick O'Reilly
|
0-0: Ball 1-0: Ball 2-0: Ball 3-0: Base on Balls
|
|
Batting: RHB Francisco Hernandez
|
0-0: Ball 1-0: Called Strike 1-1: Sac Bunt to 23 - play at first, batter safe! Rick O'Reilly to second
|
|
Batting: SHB Antoine Roux
|
0-0: Called Strike 0-1: Called Strike 0-2: Ball 1-2: Strikes out looking
|
|
Batting: RHB Pavpv Ivanushkin
|
0-0: Ball 1-0: Called Strike 1-1: Fly out, F9 (Flyball, 9S, EV 97.5 MPH)
|
|
Batting: RHB Tenshou Takita
|
0-0: Ball 1-0: Ball 2-0: Called Strike 2-1: Foul Ball, location: 2F 2-2: Foul Ball, location: 2F 2-2: Strikes out swinging, 2-3 out at first.
|
| Top of the 7th over - 0 runs, 1 hit, 0 errors, 2 left on base; St. Louis 5 - Los Angeles 2 |
| BOTTOM OF THE 7TH |
|
Los Angeles Dodgers batting - Pitching for St. Louis Cardinals : RHP Doug Nickey
|
|
Batting: LHB Chris Ringwood
|
0-0: Called Strike 0-1: Foul Ball, location: 2F 0-2: Fly out, F8 (Flyball, 8RD, EV 75.0 MPH)
|
|
Batting: LHB Bob Branham
|
0-0: Ball 1-0: SINGLE (Line Drive, 4D, EV 93.8 MPH)
|
|
Batting: LHB Lirak Bazhunaishvili
|
0-0: Swinging Strike 0-1: Fly out, F8 (Flyball, 8RD, EV 97.5 MPH)
|
|
Batting: RHB Clay Buchanan
|
0-0: Called Strike 0-1: Foul Ball, location: 2F 0-2: Fly out, F8 (Flyball, 8RM, EV 87.5 MPH)
|
| Bottom of the 7th over - 0 runs, 1 hit, 0 errors, 1 left on base; St. Louis 5 - Los Angeles 2 |
| TOP OF THE 8TH |
|
St. Louis Cardinals batting - Pitching for Los Angeles Dodgers : LHP Lance Crumpton
|
|
Pitching: RHP Luke Kinman
|
|
|
Batting: RHB Branden Cavalcante
|
0-0: Ball 1-0: Ball 2-0: Called Strike 2-1: Ball 3-1: Base on Balls
|
|
Batting: LHB John Blair
|
0-0: Bunt - Flyout to 13S! F1
|
|
Batting: RHB Sergio Godinez
|
0-0: Ball 1-0: Ball 2-0: Foul Ball, location: 2F 2-1: DOUBLE (Line Drive, 7LS, EV 98.1 MPH) Branden Cavalcante to third
|
|
Batting: RHB Dustin Clark
|
0-0: Ball 1-0: Ground out 5-3 (Groundball, 56, EV 98.8 MPH) Branden Cavalcante scores
|
|
Batting: RHB Rick O'Reilly
|
0-0: Called Strike 0-1: Ball 1-1: Ground out 6-3 (Groundball, 6, EV 86.9 MPH)
|
| Top of the 8th over - 1 run, 1 hit, 0 errors, 1 left on base; St. Louis 6 - Los Angeles 2 |
| BOTTOM OF THE 8TH |
|
Los Angeles Dodgers batting - Pitching for St. Louis Cardinals : RHP Doug Nickey
|
|
Pitching: RHP Pete Rance
|
|
|
Batting: RHB Jorge Severiano
|
0-0: Foul Ball, location: 2F 0-1: Ball 1-1: Hit by Pitch
|
|
Batting: LHB Ryan Taylor
|
0-0: Fly out, F8 (Flyball, 8RXD, EV 101.3 MPH)
|
|
Batting: RHB Tsutomu Irie
|
0-0: Called Strike 0-1: Ball 1-1: Fly out, F9 (Flyball, 89M, EV 95.0 MPH)
|
|
Batting: RHB Ben Mischnick
|
0-0: Swinging Strike 0-1: Ball 1-1: Swinging Strike 1-2: Foul Ball, location: 2F 1-2: Strikes out swinging
|
| Bottom of the 8th over - 0 runs, 0 hits, 0 errors, 1 left on base; St. Louis 6 - Los Angeles 2 |
| TOP OF THE 9TH |
|
St. Louis Cardinals batting - Pitching for Los Angeles Dodgers : RHP Luke Kinman
|
|
Batting: RHB Francisco Hernandez
|
0-0: Called Strike 0-1: Foul Ball, location: 2F 0-2: Ball 1-2: Strikes out swinging
|
|
Batting: SHB Antoine Roux
|
0-0: Ball 1-0: Ball 2-0: Called Strike 2-1: Called Strike 2-2: Strikes out swinging
|
|
Batting: RHB Pavpv Ivanushkin
|
0-0: Fly out, F4 (Popup, 34, EV 71.9 MPH)
|
| Top of the 9th over - 0 runs, 0 hits, 0 errors, 0 left on base; St. Louis 6 - Los Angeles 2 |
| BOTTOM OF THE 9TH |
|
Los Angeles Dodgers batting - Pitching for St. Louis Cardinals : RHP Pete Rance
|
|
Batting: SHB Joel Baker
|
0-0: Called Strike 0-1: Called Strike 0-2: Strikes out swinging
|
|
Batting: LHB Chris Ringwood
|
0-0: Ball 1-0: Ball 2-0: Swinging Strike 2-1: Swinging Strike 2-2: Foul Ball, location: 2F 2-2: SINGLE (Groundball, 25, EV 68.8 MPH) (infield hit)
|
|
Batting: LHB Bob Branham
|
0-0: Called Strike 0-1: Fly out, F7 (Flyball, 7, EV 91.3 MPH)
|
|
Batting: LHB Lirak Bazhunaishvili
|
0-0: Called Strike 0-1: Ball 1-1: Ball 2-1: Ball 3-1: Foul Ball, location: 2F 3-2: Foul Ball, location: 2F 3-2: Foul Ball, location: 2F 3-2: 2-RUN HOME RUN (Flyball, 8LXD, EV 105.6 MPH), Distance : 416 ft
|
|
Pitching: RHP Tony Campos
|
|
|
Batting: RHB Clay Buchanan
|
0-0: Foul Ball, location: 2F 0-1: Called Strike 0-2: Foul Ball, location: 2F 0-2: Strikes out swinging
|
| Bottom of the 9th over - 2 runs, 2 hits, 0 errors, 0 left on base; St. Louis 6 - Los Angeles 4 |
|